 Dungeon Crawl Stone Soup version 0.21.1-1-g345015f (webtiles) character file.

133934 spiff the Scorcher (level 16, 0/141 HPs)
             Began as a Red Draconian Conjurer on July 8, 2018.
             Was a High Priest of Vehumet.
             Slain by a salamander
             ... wielding a +0 spear
              (11 damage)
             ... on level 2 of the Snake Pit on July 9, 2018.
             The game lasted 01:53:38 (40871 turns).

spiff the Scorcher (Red Draconian Conjurer)        Turns: 40871, Time: 01:53:39

Health: 0/141      AC: 15    Str: 12    XL:     16   Next: 61%
Magic:  22/49      EV: 18    Int: 21    God:    Vehumet [*****.]
Gold:   3903       SH:  5    Dex: 12    Spells: 4/43 levels left

rFire    + . .     SeeInvis .   c - staff of power
rCold    . . .     Gourm    +   G - +0 buckler
rNeg     . . .     Faith    .   (armour unavailable)
rPois    +         Spirit   .   Z - +2 hat
rElec    .         Reflect  .   f - +2 cloak
rCorr    +         Harm     .   r - +0 pair of gloves
MR       +....                  (no boots)
Stlth    ++........             e - amulet of the gourmand
HPRegen  0.33/turn              i - ring of poison resistance
MPRegen  0.31/turn              a - ring of resist corrosion

@: no status effects
A: breathe fire, unfitting armour, fire resistance 1, cold-blooded, AC +9
a: Breathe Fire, Renounce Religion


You were on level 2 of the Snake Pit.
You worshipped Vehumet.
Vehumet was extremely pleased with you.
You were not hungry.

You visited 5 branches of the dungeon, and saw 26 of its levels.
You also visited: Labyrinth.

You collected 3903 gold pieces.

Inventory:

Armour
 f - a +2 cloak (worn)
 r - a +0 pair of gloves (worn)
 G - a +0 buckler (worn)
 N - a scarf of cloud immunity
 Z - a +2 hat (worn)
Magical Staves
 c - an uncursed staff of power (weapon)
Jewellery
 a - a ring of resist corrosion (right hand)
 e - an amulet of the gourmand (around neck)
 i - a ring of poison resistance (left hand)
 y - an uncursed amulet of harm
 T - an uncursed amulet of regeneration
Wands
 j - a wand of polymorph (14)
 n - a wand of random effects (64)
 s - a wand of flame (62)
 u - a wand of digging (43)
 v - a wand of iceblast (7)
 A - a wand of disintegration (12)
 I - a wand of acid (3)
 M - a wand of scattershot (4)
 P - a wand of enslavement (16)
Scrolls
 l - 5 scrolls of remove curse
 o - a scroll of fog
 q - a scroll of silence {unknown}
 B - a scroll of brand weapon
 D - 6 scrolls of teleportation
 F - 4 scrolls of identify
 L - 4 scrolls of magic mapping
 O - a scroll of enchant weapon
Potions
 d - a potion of ambrosia {unknown}
 g - 2 potions of degeneration {unknown}
 h - 4 potions of flight
 k - 3 potions of cancellation
 p - a potion of resistance {unknown}
 t - 4 potions of haste
 w - 2 potions of lignification {unknown}
 x - 9 potions of curing
 z - a potion of berserk rage {unknown}
 E - 3 potions of agility {unknown}
 J - a potion of invisibility {unknown}
 K - a potion of mutation {unknown}
 U - 4 potions of might {unknown}
 Y - 4 potions of brilliance {unknown}
Books
 m - a book of Burglary

   Spells                             Type                      Level
   a - Swiftness                      Charms/Air                   2
   b - Passwall                       Transmutation/Earth          2
   c - Passage of Golubria            Translocation                4
   d - Lee's Rapid Deconstruction     Earth                        5
   e - Darkness                       Hexes                        6
   f - Invisibility                   Hexes                        6
Miscellaneous
 H - a fan of gales
 Q - a phantom mirror
Comestibles
 b - 26 rations


   Skills:
 + Level 12.8 Fighting
 + Level 10.8 Dodging
 - Level 1.7 Stealth
 - Level 4.0 Shields
 - Level 14.0 Spellcasting
 - Level 10.1 Conjurations
 - Level 20.0 Fire Magic


You had 4 spell levels left.
You knew the following spells:

 Your Spells              Type           Power        Failure   Level  Hunger
a - Fireball              Conj/Fire      ######....   1%          5    ###....
b - Bolt of Fire          Conj/Fire      ######....   1%          6    #####..
c - Mephitic Cloud        Conj/Pois/Air  ####....     1%          3    None
d - Sticky Flame          Conj/Fire      ######..     1%          4    None
e - Conjure Flame         Conj/Fire      ######..     1%          3    None
f - Blink                 Tloc           N/A          6%          2    None
g - Ignite Poison         Fire/Tmut/Pois #####...     1%          3    None
h - Searing Ray           Conj           ######       1%          2    None
i - Magic Dart            Conj           ####         1%          1    None
j - Throw Flame           Conj/Fire      ######       0%          2    None
k - Ignition              Fire           #######...   2%          8    #######


Dungeon Overview and Level Annotations

Branches:
Dungeon (15/15)            Temple (1/1) D:4            Lair (6/6) D:10
 Shoals (0/4) Lair:4        Snake (2/4) Lair:4        Slime (0/5) Lair:6
    Orc (2/2) D:11            Elf (0/3) Orc:2        Vaults (0/5) D:13
 Depths (0/5) D:15

Altars:
Ashenzari
Cheibriados
Dithmenos
Elyvilon
Fedhas
Gozag
Hepliaklqana
Kikubaaqudgha
Makhleb
Nemelex Xobeh
Okawaru
Qazlal
Ru
Sif Muna
Trog
Uskayaw
Vehumet
Wu Jian
Xom
Yredelemnul
Zin
The Shining One
Jiyva

Shops:
D:4 [   D:6 *   D:11 *   D:12 ?   Orc:2 ([*=

Annotations:
Lair:6 exclusion: 2 oklob plants


Innate Abilities, Weirdness & Mutations

You can breathe blasts of fire.
Your fiery red scales are hard. (AC +9)
You cannot fit into any form of body armour.
Your flesh is heat resistant. (rF+)
You are cold-blooded and may be slowed by cold attacks.


Message History

Press: ? - help, Shift-Dir - straight line, f - black mamba
Aim: a black mamba (severely wounded)
The bolt of fire hits the salamander mystic.
The salamander mystic completely resists.
The bolt of fire hits the salamander.
The salamander completely resists.
The bolt of fire hits the black mamba.
You kill the black mamba!
Vehumet accepts your kill.
You feel your power returning.
The salamander hits you but does no damage.
The salamander mystic closely misses you.
You block the salamander's attack. The salamander misses you.
A naga sharpshooter comes into view. It is wielding a short sword.
The naga sharpshooter shouts!
The naga sharpshooter moves out of view.
You feel better. You block the salamander's attack.
The salamander mystic misses you. The salamander completely misses you.
The salamander hits you from afar with a spear!
You die...

###########################
#...........N......§§§§§S..
#....<...N@NNN..†.§.§§§§.!.
#..........######.§§§§N§.##.
#.........(..##.###§§§§S..)..
..............!..##..§§§.....
..................S...††.....
..........................).#
...................).....####
........}.......(.#.......
....#...##........


You could see a salamander mystic, 3 salamanders and a naga.

Vanquished Creatures
  Asterion (Snake:1)
  Agnes (D:14)
  A nagaraja (Snake:2)
  A frost giant (shapeshifter) (D:14)
  2 orc warlords (Orc:2)
  A minotaur (Lab)
  Harold (Orc:1)
  A catoblepas (D:14)
  8 vault guards (D:13)
  2 naga warriors (Snake:1)
  6 hydras
  4 centaur warriors
  22 two-headed ogres
  3 anacondas
  3 ogre magi (D:15)
  A tengu warrior (D:15)
  A naga sharpshooter (Snake:1)
  7 orc high priests
  Urug (D:14)
  4 shock serpents
  Nergalle (Lair:4)
  A deep elf knight (Orc:2)
  Sonja (D:14)
  4 skeletal warriors (D:11)
  An unseen horror (D:14)
  A naga ritualist (Snake:2)
  3 wizards
  A phantasmal warrior (D:14)
  20 ugly things
  3 deep elf magi
  2 wolf spiders (Lair:6)
  An oklob plant (Lair:6)
  Pikel (D:3)
  7 orc sorcerers
  3 mana vipers (Snake:1)
  A manticore (D:15)
  3 orc knights (Orc:2)
  5 cyclopes
  8 elephants
  2 centaur zombies
  The ghost of Zeloya the Slicer, a novice KoAM (D:6)
  Maurice (D:11)
  23 black mambas
  A guardian serpent (Lair:6)
  7 naga magi (Snake:1)
  Psyche (D:9)
  3 gargoyles
  12 spiny frogs
  2 torpor snails (Lair:6)
  12 komodo dragons
  5 rime drakes
  A yaktaur (D:15)
  An efreet (D:15)
  2 tengu conjurers
  11 trolls
  A jumping spider (shapeshifter) (D:15)
  A polar bear (Lair:5)
  2 hornets (Lair:6)
  5 hippogriffs
  3 dream sheep (Lair:6)
  9 blink frogs
  A wraith (D:13)
  A shadow (D:11)
  The ghost of CrazyArbalest the Covert, an amateur SpAs (D:4)
  A tarantella (shapeshifter) (D:12)
  9 wyverns
  A basilisk (Lair:4)
  27 yaks
  6 hungry ghosts
  4 steam dragons
  4 vampire mosquitoes
  5 wargs
  11 nagas
  27 water moccasins
  30 orc warriors
  9 porcupines
  A slave (D:4)
  2 phantoms (D:11)
  2 hornet zombies
  3 ice beasts
  5 sky beasts
  A black bear (D:13)
  2 necrophages
  2 eyes of draining
  18 ogres
  10 crocodiles
  A wolf (Lair:5)
  3 boggarts (D:14)
  17 centaurs
  2 big kobolds
  19 bullfrogs
  A wyvern zombie (D:8)
  A gnoll sergeant (D:9)
  3 scorpions
  A wyvern skeleton (D:14)
  9 killer bees
  A scorpion (shapeshifter) (D:15)
  2 troll zombies (D:11)
  8 wights
  An electric eel (Lair:2)
  11 howler monkeys
  10 crimson imps
  2 jellies
  16 orc priests
  7 centaur skeletons
  8 hounds
  A bullfrog skeleton (D:12)
  7 iguanas
  23 orc wizards
  17 worker ants
  6 ogre zombies (D:11)
  A hound zombie (D:5)
  A hound skeleton (D:10)
  A worker ant zombie (D:10)
  23 gnolls
  23 adders
  3 shadow imps
  An adder zombie (D:9)
  2 adder skeletons
  2 worms (D:4)
  2 dart slugs (D:1)
  8 leopard geckos
  73 orcs
  2 ball pythons
  A bat zombie (D:2)
  4 giant cockroaches
  5 goblins
  6 hobgoblins
  3 jackals (D:2)
  5 quokkas
  4 bats
  6 frilled lizards
  2 goblin skeletons (D:11)
  5 goblin zombies (D:11)
  3 hobgoblin skeletons (D:11)
  3 hobgoblin zombies (D:11)
  12 kobolds
  4 orc skeletons (D:11)
  8 orc zombies (D:11)
  6 rats
  2 rat zombies (D:2)
  A fulminant prism (D:10)
  3 fungi (Orc:2)
  3 plants
832 creatures vanquished.

Vanquished Creatures (others)
  16 fulminant prisms
  36 fungi
  28 plants (Lair:6)
80 creatures vanquished.

Grand Total: 912 creatures vanquished

Notes
Turn   | Place    | Note
-------+----------+-------------------------------------------
     0 | D:1      | spiff the Draconian Conjurer began the quest for the Orb.
     0 | D:1      | Reached XP level 1. HP: 14/14 MP: 3/3
   218 | D:1      | Reached skill level 1 in Fighting
   218 | D:1      | Reached XP level 2. HP: 16/23 MP: 0/5
   274 | D:1      | Learned a level 2 spell: Searing Ray
   797 | D:2      | Reached XP level 3. HP: 28/28 MP: 6/6
  1447 | D:2      | Found a bloodstained altar of Trog.
  1567 | D:2      | Reached XP level 4. HP: 34/36 MP: 0/8
  1644 | D:2      | Learned a level 4 spell: Fulminant Prism
  1673 | D:2      | Found an iron altar of Okawaru.
  2742 | D:2      | Reached XP level 5. HP: 44/44 MP: 5/9
  2917 | D:2      | Found an ancient bone altar of Kikubaaqudgha.
  3551 | D:3      | Reached skill level 5 in Conjurations
  4070 | D:4      | Noticed CrazyArbalest's ghost (amateur SpAs)
  4090 | D:4      | Killed CrazyArbalest's ghost
  4090 | D:4      | Reached XP level 6. HP: 52/52 MP: 2/12
  4214 | D:4      | Found a staircase to the Ecumenical Temple.
  4221 | Temple   | Entered the Ecumenical Temple
  4302 | Temple   | Became a worshipper of Vehumet
  4906 | D:4      | Your scales start taking on a fiery red colour.
  4906 | D:4      | Reached XP level 7. HP: 56/60 MP: 8/13
  4906 | D:4      | Gained mutation: Your flesh is heat resistant. (rF+) [Red Draconian growth]
  5225 | D:4      | Found Zupsuzya's Antique Armour Shoppe.
  5438 | D:4      | Noticed Pikel
  5463 | D:3      | Killed Pikel
  5463 | D:3      | Reached skill level 5 in Fighting
  5463 | D:3      | Reached skill level 5 in Spellcasting
  5463 | D:3      | Reached XP level 8. HP: 70/70 MP: 10/15
  6083 | D:5      | Entered Level 5 of the Dungeon
  6560 | D:5      | Reached * piety under Vehumet
  6560 | D:5      | Offered knowledge of Freeze by Vehumet.
  7260 | D:6      | Noticed Zeloya's ghost (novice KoAM)
  7418 | D:6      | Found Ydafrak's General Store.
  7747 | D:6      | Reached ** piety under Vehumet
  7769 | D:6      | Offered knowledge of Sting by Vehumet.
  8123 | D:6      | Reached XP level 9. HP: 81/81 MP: 16/16
  8156 | D:6      | Killed Zeloya's ghost
  8454 | D:6      | Found a shimmering altar of Xom.
  8941 | D:7      | Offered knowledge of Throw Flame by Vehumet.
  8948 | D:7      | Learned a level 2 spell: Throw Flame
  9251 | D:7      | Reached skill level 1 in Fire Magic
  9376 | D:7      | Reached *** piety under Vehumet
  9376 | D:7      | Reached skill level 2 in Fire Magic
 10355 | D:8      | Reached skill level 3 in Fire Magic
 10518 | D:8      | Reached skill level 10 in Conjurations
 10582 | D:7      | Reached skill level 10 in Fighting
 10582 | D:7      | Reached XP level 10. HP: 47/93 MP: 17/17
 10583 | D:7      | Reached skill level 4 in Fire Magic
 10984 | D:8      | Found a sparkling altar of Nemelex Xobeh.
 10986 | D:8      | Found an ornate altar of the Wu Jian Council.
 10986 | D:8      | Found a glowing silver altar of Zin.
 10996 | D:8      | Found a snail-covered altar of Cheibriados.
 11113 | D:8      | Reached skill level 5 in Fire Magic
 11207 | D:8      | Reached skill level 6 in Fire Magic
 11210 | D:8      | Offered knowledge of Inner Flame by Vehumet.
 11479 | D:8      | Noticed a two-headed ogre
 11502 | D:8      | Killed a two-headed ogre
 11502 | D:8      | Reached skill level 7 in Fire Magic
 11566 | D:8      | Found a shadowy altar of Dithmenos.
 11622 | D:8      | Found a stormy altar of Qazlal.
 11625 | D:8      | Found an opulent altar of Gozag.
 11628 | D:8      | Found a blossoming altar of Fedhas.
 12055 | D:9      | Reached skill level 8 in Fire Magic
 12199 | D:9      | Noticed Psyche
 12206 | D:9      | Killed Psyche
 12281 | D:9      | Reached skill level 9 in Fire Magic
 12534 | D:9      | Reached skill level 1 in Shields
 12757 | D:9      | Reached **** piety under Vehumet
 13215 | D:10     | Entered Level 10 of the Dungeon
 13229 | D:10     | Noticed a two-headed ogre
 13242 | D:10     | Killed a two-headed ogre
 13242 | D:10     | Reached skill level 10 in Fire Magic
 13242 | D:10     | Reached XP level 11. HP: 23/99 MP: 18/18
 13547 | D:10     | Found a staircase to the Lair.
 13550 | D:10     | Offered knowledge of Ignite Poison by Vehumet.
 14251 | D:10     | Reached skill level 5 in Dodging
 14562 | D:10     | Learned a level 2 spell: Blink
 14566 | D:10     | Learned a level 3 spell: Conjure Flame
 14570 | D:10     | Learned a level 3 spell: Ignite Poison
 14803 | D:10     | Learned a level 3 spell: Mephitic Cloud
 15197 | D:11     | Noticed a skeletal warrior
 15332 | Lair:1   | Entered Level 1 of the Lair of Beasts
 15862 | Lair:1   | Noticed a six-headed hydra
 15869 | Lair:1   | Killed a six-headed hydra
 15869 | Lair:1   | Reached ***** piety under Vehumet
 16226 | Lair:1   | Noticed a six-headed hydra
 16234 | Lair:1   | Killed a six-headed hydra
 16238 | Lair:1   | Offered knowledge of Sticky Flame by Vehumet.
 16967 | Lair:2   | Found the +10 dark maul {crush}
 17292 | Lair:2   | Reached skill level 11 in Fire Magic
 17292 | Lair:2   | Reached XP level 12. HP: 63/106 MP: 21/21
 17775 | Lair:2   | Learned a level 4 spell: Sticky Flame
 18057 | Lair:3   | Found a labyrinth entrance.
 18110 | Lab      | Entered a labyrinth
 18288 | Lab      | Noticed a minotaur
 19072 | Lab      | Killed a minotaur
 19079 | Lab      | Identified Azxunacw's Collected Works on Poison and Malediction
 19081 | Lab      | Got a faintly glowing dagger
 19082 | Lab      | Identified the +2 dagger of Spite {pierce, rElec Int-5 Dex+4} (You found it in a labyrinth)
 19366 | Lair:3   | Noticed a six-headed hydra
 19371 | Lair:3   | Killed a six-headed hydra
 19384 | Lair:3   | Reached skill level 12 in Fire Magic
 20296 | Lair:4   | Found a staircase to the Shoals.
 20399 | Lair:4   | Noticed Nergalle
 20415 | Lair:4   | Killed Nergalle
 20831 | Lair:4   | Found a staircase to the Snake Pit.
 21176 | Lair:4   | Reached skill level 13 in Fire Magic
 22440 | Lair:6   | Entered Level 6 of the Lair of Beasts
 22656 | Lair:6   | Reached XP level 13. HP: 89/113 MP: 26/26
 23278 | Lair:6   | Reached skill level 14 in Fire Magic
 23483 | Lair:6   | Reached skill level 10 in Spellcasting
 23992 | Lair:6   | Offered knowledge of Yara's Violent Unravelling by Vehumet.
 24175 | Lair:6   | Reached skill level 15 in Fire Magic
 24493 | Lair:6   | Learned a level 5 spell: Fireball
 24501 | Lair:6   | Learned a level 6 spell: Bolt of Fire
 25171 | Lair:6   | Found a staircase to the Slime Pits.
 25172 | Lair:6   | Found a viscous altar of Jiyva.
 25302 | Lair:6   | Reached skill level 16 in Fire Magic
 26737 | D:11     | Reached XP level 14. HP: 103/121 MP: 18/28
 26784 | D:11     | Offered knowledge of Freezing Cloud by Vehumet.
 26958 | D:11     | Noticed Maurice
 26967 | D:11     | Killed Maurice
 27225 | D:11     | Found Owkeb's Assorted Antiques.
 27272 | D:11     | Found a staircase to the Orcish Mines.
 27539 | Orc:1    | Entered Level 1 of the Orcish Mines
 27539 | Orc:1    | Noticed Harold
 27545 | Orc:1    | Killed Harold
 28169 | Orc:1    | Reached skill level 17 in Fire Magic
 28431 | Orc:2    | Entered Level 2 of the Orcish Mines
 28435 | Orc:2    | Found a staircase to the Elven Halls.
 28862 | Orc:2    | Found Zaufaun's General Store.
 29174 | Orc:2    | Offered knowledge of Bolt of Draining by Vehumet.
 29177 | Orc:2    | Found Kadoraud's Antique Armour Shoppe.
 29287 | Orc:2    | Found Faut's Antique Weapon Shoppe.
 29370 | Orc:2    | Noticed an orc warlord
 29899 | Orc:2    | Killed an orc warlord
 30504 | Orc:2    | Reached skill level 18 in Fire Magic
 30510 | Orc:2    | Noticed an orc warlord
 30521 | Orc:2    | Killed an orc warlord
 30865 | Orc:2    | Found Wigekh's Jewellery Shop.
 31201 | D:12     | Found Miegi's Magic Scroll Emporium.
 32091 | D:13     | Offered knowledge of Conjure Ball Lightning by Vehumet.
 32344 | D:13     | Reached XP level 15. HP: 126/126 MP: 24/31
 32599 | D:13     | Found a gate to the Vaults.
 33440 | D:14     | Noticed Agnes
 33444 | D:14     | Killed Agnes
 33448 | D:14     | Reached skill level 19 in Fire Magic
 33702 | D:14     | Noticed Urug
 35477 | D:14     | Killed Urug
 35564 | D:14     | Noticed a frost giant
 35569 | D:14     | Killed a frost giant
 35847 | D:14     | Noticed Sonja
 35851 | D:14     | Killed Sonja
 36192 | D:14     | Offered knowledge of Ozocubu's Refrigeration by Vehumet.
 36364 | D:15     | Entered Level 15 of the Dungeon
 36683 | D:15     | Reached skill level 20 in Fire Magic
 37692 | D:15     | Reached XP level 16. HP: 136/136 MP: 34/34
 37916 | D:15     | Found a staircase to the Depths.
 38652 | Lair:1   | Learned a level 8 spell: Ignition
 38713 | Snake:1  | Entered Level 1 of the Snake Pit
 39314 | Snake:1  | Reached skill level 10 in Dodging
 39653 | Snake:1  | Noticed Asterion
 39657 | Snake:1  | Killed Asterion
 40866 | Snake:2  | HP: 5/141 [salamander/spear (5)]
 40871 | Snake:2  | Slain by a salamander

Skill      XL: |  1  2  3  4  5  6  7  8  9 10 11 12 13 14 15 16 |
---------------+-------------------------------------------------+-----
Fighting       | 1 2 4 5 7 10 12 | 12.8
Spellcasting   | 3 4 5 6 9 10 12 14 | 14.0
Conjurations   | 5 6 8 10 | 10.1
Fire Magic     | 3 10 11 13 16 18 20 | 20.0
Shields        | 4 |  4.0
Dodging        | 8 10 | 10.8
Stealth        | |  1.7

Action                   |  1- 3 |  4- 6 |  7- 9 | 10-12 | 13-15 | 16-18 || total
-------------------------+-------+-------+-------+-------+-------+-------++-------
Melee: Hunting sling     |     7 |       |     1 |       |       |       ||     8
       Tailslap          |     1 |       |     1 |     3 |    21 |       ||    26
       Whip              |       |    16 |       |       |       |       ||    16
       Staff             |       |       |       |    11 |   141 |     3 ||   155
 Fire: Hunting sling     |    23 |    40 |   116 |       |       |       ||   179
 Cast: Magic Dart        |    56 |    83 |   132 |   128 |       |       ||   399
       Searing Ray       |     2 |    12 |    60 |   138 |    21 |       ||   233
       Throw Flame       |       |       |     6 |    87 |   121 |     2 ||   216
       Fulminant Prism   |       |       |       |    14 |     3 |       ||    17
       Mephitic Cloud    |       |       |       |    28 |     4 |       ||    32
       Ignite Poison     |       |       |       |    15 |     2 |       ||    17
       Sticky Flame      |       |       |       |    38 |   118 |     7 ||   163
       Blink             |       |       |       |     6 |     6 |     3 ||    15
       Conjure Flame     |       |       |       |     1 |       |       ||     1
       Fireball          |       |       |       |       |   172 |       ||   172
       Bolt of Fire      |       |       |       |       |   246 |   103 ||   349
       Ignition          |       |       |       |       |       |     7 ||     7
 Abil: Breathe Fire      |       |       |    10 |    13 |     3 |       ||    26
Evoke: Wand              |       |       |       |     4 |     1 |       ||     5
       Fan of gales      |       |       |       |       |     1 |       ||     1
  Use: Scroll            |       |     7 |       |    15 |     9 |     1 ||    32
       Potion            |       |       |       |     2 |     3 |     2 ||     7
 Stab: Sleeping          |       |     1 |       |       |       |       ||     1
  Eat: Chunk             |     1 |     9 |    19 |    36 |   119 |    22 ||   206
       Ration            |       |     1 |       |     3 |    12 |     3 ||    19
Armor: Skin              |    15 |    20 |    64 |   101 |   147 |    16 ||   363
Dodge: Dodged            |    37 |    38 |   118 |   210 |   318 |    31 ||   752
Block: Buckler           |       |       |       |    61 |    88 |    11 ||   160
